 Dungeon Crawl Stone Soup version 0.17-a0-1632-g0af21bd (webtiles) character file.

49 MackTheKnife the Chopper (level 3, -1/21 HPs)
             Began as a Gargoyle Wanderer on Aug 3, 2015.
             Slain by a gnoll
             ... wielding a +0 spear
              (6 damage)
             ... on level 2 of the Dungeon.
             The game lasted 00:01:34 (1319 turns).

MackTheKnife the Chopper (Gargoyle Wanderer)        Turns: 1319, Time: 00:01:34

Health: -1/21      AC:  5    Str: 17    XL:     3   Next: 75%
Magic:  3/3        EV: 11    Int: 11    God:
Gold:   39         SH:  0    Dex:  9    Spells: 0 memorised, 2 levels left

rFire  . . .     SeeInvis .     a - +2 hand axe
rCold  . . .     Clarity  .     d - +0 robe
rNeg   + . .     SustAt   .     (no shield)
rPois  ∞         Gourm    .     (no helmet)
rElec  +         Spirit   .     (no cloak)
rCorr  .         Warding  .     (no gloves)
rMut   .         Stasis   .     (no boots)
MR     .....                    (no amulet)
Stlth  +.........               (no ring)
                                (no ring)

@: not resistant to hostile enchantments, very unstealthy
A: negative energy resistance 1, electricity resistance, unbreathing,
petrification resistance, rot immunity, AC +3
a: no special abilities


You were on level 2 of the Dungeon.
You were not hungry.

You visited 1 branch of the dungeon, and saw 2 of its levels.

You collected 39 gold pieces.

Inventory:

Hand weapons
 a - a +2 hand axe (weapon)
Armour
 d - a +0 robe (worn)
Scrolls
 b - 4 scrolls of teleportation
 g - a scroll of immolation {unknown}
 j - a scroll of identify {unknown}
Potions
 c - a potion of lignification {!q}
 h - a potion of heal wounds {unknown}
 i - a potion of might {unknown}
Comestibles
 e - a bread ration {@e1}
 f - a meat ration {@e2}


   Skills:
 - Level 2.1 Fighting
 + Level 3.6 Axes
   Level 1.0 Bows
 - Level 3.2 Armour
 - Level 1.1 Stealth
   Level 1.1 Shields


You had 2 spell levels left.
You didn't know any spells.

Dungeon Overview and Level Annotations

Branches:
Dungeon (2/15)

Altars:


Innate Abilities, Weirdness & Mutations

You are resistant to torment.
Your stone body is resilient (AC +3).
You are immune to poison.
You resist negative energy.
You are resistant to electric shocks.
You can survive without breathing.
You are immune to petrification.
You are immune to rotting.


Message History

You start resting.
Health restored: 21 A gnoll comes into view.
It is wielding a spear.
A gnoll is nearby!
A gnoll comes into view. It is wielding a club.
The gnoll throws a throwing net.
The throwing net closely misses you.
A gnoll comes into view. It is wielding a flail.
The gnoll shouts!
The gnoll throws a throwing net.
The throwing net hits you.
You become entangled in the net!
You see here a throwing net {=f, !d}.
You struggle against the net.
You slice into the net. You slice the net and break free!
The gnoll hits you from afar with a spear.
You take 1 damage, and have 20/21 hp.
You aren't carrying any items that can be evoked.
Unknown command.
Drink which item? (? for menu, Esc to quit)
Okay, then.
The gnoll hits you with a club. The gnoll barely misses you.
You take 5 damage, and have 15/21 hp.
MASSIVE DAMAGE!!
You hit the gnoll. The gnoll barely misses you. The gnoll closely misses you.
You closely miss the gnoll.
The gnoll hits you from afar with a spear.
The gnoll barely misses you.
You take 5 damage, and have 10/21 hp.
MASSIVE DAMAGE!!
Found a stone staircase leading up.
There is a stone staircase leading up here.
You climb upwards.
There is a stone staircase leading down here.
You start resting.
A kobold comes into view.
You regained 7 hp, and now have 19/21 hp.
Unknown command.
Unknown command.
The kobold shouts!
The kobold throws a stone.
The stone closely misses you.
The kobold throws a stone.
The stone barely misses you.
You hit the kobold.
You kill the kobold!
No target in view!
No target in view!
There is a stone staircase leading down here.
A giant gecko comes into view.
The giant gecko moves out of view.
Health restored: 21 You can't go down here!
(D) Dungeon
Where to? (Enter - D:1 @ (x,y), ? - help)
The giant gecko bites you but does no damage.
You hit the giant gecko.
You kill the giant gecko!
No target in view!
(D) Dungeon
Where to? (Enter - D:1 @ (x,y), ? - help)
There is a stone staircase leading down here.
You climb downwards.
There is a stone staircase leading up here.
An adder comes into view.
The adder misses you.
You closely miss the adder. The adder bites you but does no damage.
The adder bites you but does no damage.
You closely miss the adder. The adder closely misses you.
You closely miss the adder. The adder barely misses you. The adder bites you.
You take 1 damage, and have 20/21 hp.
You closely miss the adder. The adder barely misses you.
You hit the adder. The adder bites you. The adder barely misses you.
You take 4 damage, and have 16/21 hp.
You barely miss the adder. The adder bites you but does no damage.
You closely miss the adder. The adder barely misses you. The adder misses you.
You hit the adder. The adder bites you but does no damage.
You barely miss the adder. The adder bites you but does no damage.
The adder closely misses you.
You slash the adder!
You kill the adder!
No target in view!
j - a scroll labeled WINGIM KAI You now have 39 gold pieces (gained 4).
A gnoll is nearby!
A gnoll is nearby!
The gnoll shouts!
The gnoll hits you with a spear.
You take 5 damage, and have 14/21 hp.
MASSIVE DAMAGE!!
You hit the gnoll. The gnoll closely misses you.
You hit the gnoll. The gnoll hits you with a spear.
You take 6 damage, and have 8/21 hp.
MASSIVE DAMAGE!!
You completely miss the gnoll. The gnoll hits you with a spear.
* * * LOW HITPOINT WARNING * * *
You take 2 damage, and have 6/21 hp.
You closely miss the gnoll. The gnoll completely misses you.
You hit the gnoll. The gnoll hits you with a spear.
* * * LOW HITPOINT WARNING * * *
You take 1 damage, and have 5/21 hp.
The gnoll hits you from afar with a spear.
You die...

[.......................
......................#
......................#
...............##.....#
.........g.g(..##.....##
.......g.......##g#.....
..#+####g##.....##g#..#..
#... ..#.#####..##.#.....
#.#.##.#@# #..##g#.##.#
......#.# #..##.#.##.#
####.#....#.#####..##.#.##.#
....#....#.#.......g.#.....
#..#.#..#.#.###.#.###.##.#
#..#....#.#.# #.#.######.#
#....#..#.#.# #.#.........
#.........#.# #g########.#
#.#....#.####.###.# #<.g.#.#


You could see 2 gnolls.

Vanquished Creatures
  2 adders (D:2)
  An ooze (D:1)
  A giant cockroach (D:1)
  3 goblins
  A hobgoblin (D:2)
  7 jackals (D:2)
  4 kobolds (D:1)
  3 bats
  2 giant geckos
  2 giant newts (D:1)
  A rat (D:1)
27 creatures vanquished.

Notes
Turn   | Place    | Note
--------------------------------------------------------------
     0 | D:1      | MackTheKnife the Gargoyle Wanderer began the quest for the Orb.
     0 | D:1      | MackTheKnife set off with: a +2 hand axe, a scroll of teleportation, a potion of lignification {!q}, a +0 robe, a bread ration {@e1}
     0 | D:1      | Reached XP level 1. HP: 12/12 MP: 1/1
   109 | D:1      | Reached skill level 2 in Axes
   145 | D:1      | Reached XP level 2. HP: 8/17 MP: 2/2
   730 | D:2      | Reached skill level 3 in Axes
   731 | D:2      | Reached XP level 3. HP: 9/21 MP: 3/3
  1318 | D:2      | HP: 5/21 [gnoll/spear (1)]
  1319 | D:2      | Slain by a gnoll

Vault maps used:
D:1:      minmay_arrival_four_circles, minmay_shallow_snake_nest
D:2:      uniq_crazy_yiuf_cottage, uniq_sigmund

Action                   || total
-------------------------++-------
Melee: Hand axe          ||    94
 Stab: Sleeping          ||     1
  Eat: Chunk             ||     1

Vault maps used:
D:1:      minmay_arrival_four_circles, minmay_shallow_snake_nest
D:2:      uniq_crazy_yiuf_cottage, uniq_sigmund

Table legend:
 A = Turns spent in this place as a percentage of turns spent in the entire game.
 B = Non-inter-level travel turns spent in this place as a percentage of non-inter-level travel turns spent in the entire game.
 C = Inter-level travel turns spent in this place as a percentage of turns spent in this place.
 D = Turns resting spent in this place as a percentage of non-inter-level travel turns spent in this place.
 E = Turns spent auto-exploring this place as a percentage of non-inter-level travel turns spent in this place.
 F = Non-inter-level travel turns spent in this place divided by the number of levels of this place that you've seen.
                   A       B       C       D       E      F
               +-------+-------+-------+-------+-------+----------------------
         Total | 100.0 | 100.0 |   1.5 |   5.5 |   6.7 | 163.5
       Dungeon | 100.0 | 100.0 |   1.5 |   5.5 |   6.7 | 163.5
               +-------+-------+-------+-------+-------+----------------------

Table legend:
 A = Kills in this place as a percentage of kills in entire the game.
 B = Kills by you in this place as a percentage of kills by you in the entire game.
 C = Kills by friends in this place as a percentage of kills by friends in the entire game.
 D = Other kills in this place as a percentage of other kills in the entire game.
 E = Experience gained in this place as a percentage of experience gained in the entire game.
 F = Experience gained in this place divided by the number of levels of this place that you have seen.
                   A       B       C       D       E      F
               +-------+-------+-------+-------+-------+----------------------
         Total | 100.0 | 100.0 |  -nan |  -nan | 100.0 |  35.0
       Dungeon | 100.0 | 100.0 |  -nan |  -nan | 100.0 |  35.0
               +-------+-------+-------+-------+-------+----------------------
